 Dungeon Crawl Stone Soup version 0.31-a0-672-g7da72447bb (webtiles) character file.

Game seed: 4995863870215760393

282 Shayle the Ruffian (level 6, -2/55 HPs)
             Began as an Ogre Shapeshifter on Sept 4, 2023.
             Slain by a kobold brigand
             ... wielding a +0 whip
              (8 damage)
             ... in a sewer on Sept 5, 2023.
             The game lasted 00:09:12 (2723 turns).

Shayle the Ruffian (Ogre Shapeshifter)              Turns: 2723, Time: 00:09:13

Health: -2/55      AC:  3    Str: 19    XL:     6   Next: 28%
Magic:  6/6        EV: 10    Int: 13    God:
Gold:   173        SH:  0    Dex:  8    Spells: 3/5 levels left

rFire   . .          .
                       - Unarmed
rCold   . . .        (no shield)
rNeg    . . .        a - +0 animal skin
rPois   .            (helmet currently unavailable)
rElec   .            (cloak currently unavailable)
rCorr   .            (gloves unavailable)
SInv    .            (boots unavailable)
Will    .....        (no amulet)
Stlth   +            (no ring)
HPRegen 0.29/turn    (no ring)
MPRegen 0.10/turn

%: no passive effects
@: mighty, beast-form, attractive
A: beast (slay +1), large, unfitting armour, tough skin 1
a: Begin Untransformation


You were in a sewer.
You were a hulking beast.
You visited 1 branch of the dungeon, and saw 4 of its levels.
You also visited: Sewer and Ossuary.

You collected 173 gold pieces.

Inventory:

Missiles
 t - 5 poisoned darts (quivered)
Armour
 a - a +0 animal skin (worn)
Jewellery
 p - a ring of ice
Talismans
 c - a beast talisman (active)
 d - a flux talisman
Scrolls
 g - a scroll of identify {unknown}
 m - a scroll of summoning {unknown}
 q - a scroll of blinking {unknown}
 s - a scroll of teleportation
Potions
 b - a potion of lignification
 e - a potion of berserk rage {unknown}
 f - 3 potions of enlightenment
 h - 2 potions of cancellation
 i - a potion of mutation {unknown}
 j - a potion of magic
 k - a potion of attraction
 l - 2 potions of brilliance {unknown}
 n - 2 potions of might
 o - 2 potions of heal wounds {unknown}
 r - a potion of ambrosia {unknown}


   Skills:
 - Level 1.3 Fighting
 + Level 4.2 Dodging
 + Level 4.7 Unarmed Combat
 - Level 3.0 Shapeshifting


You had 3 spell levels left.
You knew the following spells:

 Your Spells              Type           Power      Damage    Failure   Level
a - Blink                 Tloc           0%         N/A       43%         2

Your spell library contained the following spells:

 Spells                   Type           Power      Damage    Failure   Level
 Lesser Beckoning         Tloc           0%         N/A       43%         2
 Momentum Strike          Conj/Tloc      0%         3d8       43%         2
 Sublimation of Blood     Necr           0%         N/A       43%         2
 Wereblood                Tmut           0%         N/A       43%         2
 Ozocubu's Armour         Ice            0%         N/A       67%         3
 Metabolic Englaciation   Hex/Ice        0%         N/A       100%        5
 Simulacrum               Ice/Necr       0%         N/A       100%        6
 Summon Hydra             Summ           0%         N/A       100%        7


Dungeon Overview and Level Annotations

Branches:
Dungeon (4/15)              Sewer (1/1)             Ossuary (visited)
 Temple: D:4-7

Altars:
Fedhas

Shops:
D:4 [


Innate Abilities, Weirdness & Mutations

You are a hulking beast.
Your limbs bulge with bestial killing power. (Slay +1)
You are too large for most types of armour.
You have tough skin. (AC +1)


Message History

You hear a splash.
You close the large door, pushing everything out of the way.
You see here a +0 dagger.
You start resting.
Something unseen opens the large door.
You close the large door.
Something unseen breaks down the large door.
You hit the kobold brigand.
The kobold brigand is lightly wounded.
You closely miss the kobold brigand.
The kobold brigand is lightly wounded.
The kobold brigand hits you with a +0 whip.
You hit the kobold brigand.
The kobold brigand is lightly wounded.
The kobold brigand hits you with a +0 whip!
You barely miss the kobold brigand.
The kobold brigand is lightly wounded.
The kobold brigand hits you with a +0 whip.
* * * LOW HITPOINT WARNING * * *
You hit the kobold brigand.
The kobold brigand is moderately wounded.
The kobold brigand barely misses you.
It was a potion of enlightenment.
You feel very buoyant.
You fly up into the air.
The kobold brigand closely misses you.
It was a potion of cancellation.
Your magical effects are unravelling.
You feel magically purged.
You float gracefully downwards.
Your enlightenment fades.
The kobold brigand hits you with a +0 whip!
* * * LOW HITPOINT WARNING * * *
It was a potion of magic.
Magic courses through your body. The kobold brigand closely misses you.
It was a potion of attraction.
You feel attractive to monsters.
The kobold brigand hits you with a +0 whip.
* * * LOW HITPOINT WARNING * * *
It was a potion of might.
You feel very mighty all of a sudden.
The kobold brigand hits you with a +0 whip!
You die...

~~ ≈≈≈ ≈≈ ~~~ ~~~
~#######~##############
~~~..P~~~~P~P.~~~#....#
P~...~~~~~~....~†')!∩.#
~.......~~P...~~)K)..[#
................h#...!#
................#######
................#
..............###
†.........#####
#..####.### #### ###


You could see a kobold brigand.

Vanquished Creatures
  A kobold brigand (Sewer)
  A jelly (D:4)
  3 gnolls
  8 adders
  A river rat (D:4)
  A worm (D:2)
  A dart slug (D:1)
  4 endoplasms
  A giant cockroach (D:3)
  7 goblins
  8 hobgoblins
  2 jackals (D:2)
  3 quokkas (D:1)
  2 ball pythons
  5 bats
  5 frilled lizards
  2 goblin zombies (Ossuary)
  A hobgoblin zombie (Ossuary)
  9 kobolds
  2 kobold zombies (Ossuary)
  2 quokka zombies (Ossuary)
  5 rats
  3 rat zombies (Ossuary)
77 creatures vanquished.

Notes
Turn   | Place    | Note
-------+----------+-------------------------------------------
     0 | D:1      | Shayle the Ogre Shapeshifter began the quest for the Orb.
     0 | D:1      | Reached XP level 1. HP: 19/19 MP: 1/1
   156 | D:1      | Reached XP level 2. HP: 17/27 MP: 2/2
   221 | D:1      | Found a faded altar of an unknown god.
   568 | D:1      | Reached XP level 3. HP: 33/33 MP: 3/3
  1262 | D:1      | Reached XP level 4. HP: 32/41 MP: 4/4
  1371 | D:2      | Learned a level 2 spell: Blink
  1734 | D:3      | Found a blossoming altar of Fedhas.
  1848 | D:3      | Reached XP level 5. HP: 48/48 MP: 5/5
  2236 | D:4      | Found a sand-covered staircase.
  2240 | Ossuary  | Entered an ossuary
  2419 | D:4      | Found Ucvoaj's Antique Armour Shop.
  2486 | D:4      | Found a glowing drain.
  2510 | Sewer    | Entered a sewer
  2527 | Sewer    | Noticed a kobold brigand
  2539 | Sewer    | Killed a kobold brigand
  2540 | Sewer    | Reached XP level 6. HP: 24/55 MP: 6/6
  2723 | Sewer    | Slain by a kobold brigand

Illustrated notes

Levels and vault maps discovered:
D:1:      amcnicky_arrival_feature_with_door, layout_loops_ring,
          shapermc_ecumenical_altar_totnotflames
D:2:      layout_rooms
D:3:      layout_rooms, fedhas_altar_1, hangedman_feature_mirror
D:4:      layout_basic, cheibrodos_sewer_entry_sluice, enter_ossuary_5,
          serial_shops, nicolae_shop_hallway_plus
Sewer:    kennysheep_pipe_town

Skill      XL: |  1  2  3  4  5 |
---------------+----------------+-----
Dodging        | 2 3 4 |  4.2
Unarmed Combat | 3 4 |  4.7
Fighting       | |  1.3
Shapeshifting  | |  3.0

Action                     |  1- 3 |  4- 6 || total
---------------------------+-------+-------++-------
  Melee: Unarmed           |   111 |   155 ||   266
         Punch             |     3 |     3 ||     6
  Throw: Dart              |       |     2 ||     2
    Use: Scroll            |       |     4 ||     4
         Potion            |       |     6 ||     6
 Armour: Animal skin       |    54 |   108 ||   162
         Skin              |       |     8 ||     8
  Dodge: Dodged            |    38 |    83 ||   121

Table legend: (Time is in decaauts)
 A = Elapsed time spent in this place.
 B = Non-inter-level travel time spent in this place.
 C = Inter-level travel time spent in this place.
 D = Time resting spent in this place.
 E = Time spent auto-exploring this place.
 F = Levels seen in this place.
 G = Mean time per level.
                   A        B        C        D        E       F      G
               +--------+--------+--------+--------+--------+-----+--------+
         Total |   2704 |   2639 |     65 |    324 |   1366 |   6 |  450.7 |
       Dungeon |   2332 |   2267 |     65 |    170 |   1366 |   4 |  583.0 |
         Sewer |    210 |    210 |      0 |    103 |      0 |   1 |  210.0 |
       Ossuary |    162 |    162 |      0 |     51 |      0 |   1 |  162.0 |
               +--------+--------+--------+--------+--------+-----+--------+

Top non-repeatable levels by time:
     D:1: 921 daAuts
     D:2: 668 daAuts
     D:3: 511 daAuts
     D:4: 231 daAuts
   Sewer: 210 daAuts
 Ossuary: 162 daAuts
